 Dungeon Crawl Stone Soup version 0.24-a0-582-g4d4af813a0 (webtiles) character file.

Game seed: 5015508667511419151

77 Esekla the Charmwright (level 4, -3/26 HPs)
             Began as a Vampire Skald on Aug 27, 2019.
             Slain by a worm (9 damage)
             ... on level 2 of the Dungeon.
             The game lasted 00:12:59 (5295 turns).

Esekla the Charmwright (Vampire Skald)              Turns: 5295, Time: 00:13:00

Health: -3/26      AC:  4    Str:  7 (10) XL:     4   Next: 14%
Magic:  7/7        EV: 11    Int: 12 (16) God:
Gold:   95         SH:  0    Dex:  9 (13) Spells: 6/7 levels left

rFire    . . .     SeeInvis +   a - +0 falchion
rCold    + + .     Gourm    .   (no shield)
rNeg     + + +     Faith    .   b - +0 leather armour
rPois    ∞         Spirit   .   n - +0 helmet
rElec    .         Reflect  .   (no cloak)
rCorr    +         Harm     .   (no gloves)
MR       .....                  (no boots)
Stlth    +++.......             (no amulet)
HPRegen  0.00/turn              i - ring of resist corrosion
MPRegen  0.10/turn              (no ring)

@: bloodless, regenerating quickly
A: no food, fangs 3, see invisible, unbreathing
a: Bat Form, Revivify


You were on level 2 of the Dungeon.
You were bloodless.

You visited 1 branch of the dungeon, and saw 2 of its levels.

You collected 95 gold pieces.

Inventory:

Hand Weapons
 a - a +0 falchion (weapon)
 h - a +0 short sword
Missiles
 f - 10 poisoned darts (quivered)
Armour
 b - a +0 leather armour (worn)
 n - a +0 helmet (worn)
Jewellery
 i - a ring of resist corrosion (left hand)
Scrolls
 d - a scroll of fear {unknown}
 g - 2 scrolls of blinking {unknown}
 k - a scroll of teleportation {unknown}
 l - a scroll of immolation {unknown}
 m - 4 scrolls of identify {unknown}
 o - a scroll of remove curse {unknown}
Potions
 c - a potion of haste {unknown}
 e - a potion of agility {unknown}
 j - a potion of invisibility {unknown}


   Skills:
 + Level 2.1 Fighting
 * Level 3.5 Long Blades
 + Level 1.0 Armour
 + Level 2.4 Dodging
 + Level 0.1 Stealth
 + Level 2.3 Spellcasting
 + Level 3.6 Charms


You had 6 spell levels left.
You knew the following spells:

 Your Spells              Type           Power        Failure   Level  Hunger
a - Infusion              Chrm           ##..         9%          1    N/A

Your spell library contained the following spells:

 Spells                   Type           Power        Failure   Level  Hunger
 Song of Slaying          Chrm           ##......     13%         2    N/A
 Shroud of Golubria       Chrm/Tloc      #.....       28%         2    N/A
 Regeneration             Chrm/Necr      #.........   50%         3    N/A
 Spectral Weapon          Hex/Chrm       #.......     50%         3    N/A

Dungeon Overview and Level Annotations

Branches:
Dungeon (2/15)

Altars:

Annotations:
D:2 Terence


Innate Abilities, Weirdness & Mutations

You do not eat.
You do not regenerate when monsters are visible.
You are frail without blood (-20% HP).
You are immune to poison.
You have razor-sharp teeth.
You have supernaturally acute eyesight. (SInv)
You can survive without breathing.


Message History

You hit the worm.
The worm is heavily wounded.
The worm bites you.
You barely miss the worm.
The worm is heavily wounded.
Terence the Incautious comes into view.
He is wielding a +0 flail.
Your leather armour prevents you from hitting the worm.
The worm is heavily wounded.
The worm bites you.
Terence shouts!
You hit the worm.
The worm is heavily wounded.
The worm bites you.
* * * LOW HITPOINT WARNING * * *
You hit the worm.
The worm is severely wounded.
You barely miss the worm.
The worm is severely wounded.
The worm bites you!
You die...

#.#.# #.#.# #### #†#.# #.#.#
..#. #.#.# #.#.# #....
#.#.####.#.# .....
#.#.##...#.## #.....
####.#.##.###... #.....#####
#....#.##.# ####
..........###....#....######
.<..(....@w@................
.##.##....##.....###########
.....#####.##### #.... #+#
####### #.... #...%.####
#.... +.....'... #####
#.....#### #.....#
#.....####


You could see Terence and a worm.

Vanquished Creatures
  An adder (D:2)
  2 oozes (D:1)
  A worm (D:2)
  3 leopard geckos
  5 bats
  3 giant cockroaches (D:1)
  10 goblins
  8 hobgoblins
  A jackal (D:2)
  A quokka (D:2)
  3 frilled lizards
  8 kobolds
  4 rats
50 creatures vanquished.

Notes
Turn   | Place    | Note
-------+----------+-------------------------------------------
     0 | D:1      | Esekla the Vampire Skald began the quest for the Orb.
     0 | D:1      | Reached XP level 1. HP: 16/16 MP: 3/3
    78 | D:1      | Reached XP level 2. HP: 19/22 MP: 5/5
   271 | D:1      | Reached XP level 3. HP: 24/27 MP: 3/6
   732 | D:2      | Reached skill level 1 in Armour
  1006 | D:2      | Reached XP level 4. HP: 26/26 MP: 7/7
  5291 | D:2      | Noticed Terence
  5295 | D:2      | Slain by a worm

Levels and vault maps discovered:
D:1:      erik_arrival_gehennom, layout_rooms
D:2:      layout_basic, uniq_terence

Skill      XL: |  1  2  3 |
---------------+----------+-----
Fighting       | 2 |  2.1
Armour         | 1 |  1.0
Long Blades    | 3 |  3.5
Dodging        | |  2.4
Stealth        | |  0.1
Spellcasting   | |  2.3
Charms         | |  3.6

Action                   |  1- 3 |  4- 6 || total
-------------------------+-------+-------++-------
Melee: Falchion          |   127 |    47 ||   174
       Bite              |    11 |     2 ||    13
Throw: Dart              |       |     2 ||     2
 Cast: Infusion          |     2 |       ||     2
 Abil: End Transformatio |     1 |     1 ||     2
       Bat Form          |     1 |     1 ||     2
       Exsanguinate      |     1 |       ||     1
 Stab: Sleeping          |     4 |       ||     4
Armor: Leather armour    |    39 |    19 ||    58
Dodge: Dodged            |    90 |    25 ||   115
       Rpst.: Falchion   |    31 |     6 ||    37

Table legend:
 A = Non-vault XP
 B = Vault XP
 C = Vault XP percentage of total XP
 D = Non-vault monster count
 E = Vault monster count
 F = Vault count percentage of total count
                 A         B        C        D         E       F
            +---------+---------+-------+---------+---------+-------
      Total |      93 |      18 |  16.2 |      45 |       5 |  10.0
            +---------+---------+-------+---------+---------+-------
        D:1 |      47 |      18 |  27.7 |      27 |       5 |  15.6
        D:2 |      46 |       0 |   0.0 |      18 |       0 |   0.0
            +---------+---------+-------+---------+---------+-------
